 Dungeon Crawl Stone Soup version 0.31.0-4-g52a2dc7128 (webtiles) character file.

Game seed: 7200079109910819236

145205 Xavori the Fencer (level 18, -13/130 HPs)
             Began as a Djinni Chaos Knight on Jan 22, 2024.
             Was a Plaything of Xom.
             Killed from afar by a bog body (35 damage)
             ... with a bolt of cold
             ... in an ice cave.
             The game lasted 00:43:56 (33450 turns).

Xavori the Fencer (Djinni Chaos Knight)            Turns: 33450, Time: 00:43:57

Health: -13/130    AC: 42    Str: 27    XL:     18   Next: 3%
Gold:   4445       EV: 12    Int: 22    God:    Xom [.....*] SH:  7 Dex: 22

rFire   + + +        T - +9 double sword (freeze)
rCold   . . .        E - +0 buckler
rNeg    . . .        X - +8 orange crystal plate armour {Archmagi, Int+3 Clar}
rPois   ∞            (helmet restricted)
rElec   .            W - +2 cloak {rPois}
rCorr   .            I - +1 pair of gloves
SInv    .            (boots unavailable)
Will    ++++.        V - amulet of the Oligarchy {Faith +Blink rC+ Str+4} Stlth
                     y - ring of wizardry
HPRegen 1.21/turn    O - +6 ring of strength
MPRegen 0.00/turn

%: clarity, faith, wizardry (x1), archmagi, infuse magic (-14 HP)
@: flying
A: sickness immunity, fire resistance 3, cold vulnerability 1, float, innate
caster, HP casting, extra vitality 1, claws 1, horns 1, iridescent scales 3,
agile 2, clarity, clever 2, strong-willed 3, sense surroundings 3, regeneration
1, strong 2, wild magic 3, inability to drink after injury 1, MP-powered wands,
sturdy frame 1
a: Renounce Religion, Evoke Blink


You were in an ice cave.
You worshipped Xom.
You were Xom's teddy bear.
You visited 4 branches of the dungeon, and saw 25 of its levels.
You also visited: Bailey, Gauntlet and Ice Cave.

You collected 5464 gold pieces.
You spent 1019 gold pieces at shops.

Inventory:

Hand Weapons
 N - the +7 scimitar "Neijitop" {flame, *Rage rElec rCorr Int+5}
   (You found it in a Gauntlet)

   Int+5:     It affects your intelligence (+5).
   rElec:     It insulates you from electricity.
   *Rage:     It berserks you when you make melee attacks (+20% chance).
   rCorr:     It protects you from acid and corrosion.
 T - a +9 double sword of freezing (weapon)
Missiles
 F - 19 throwing nets (quivered)
Armour
 f - a +2 helmet
 E - a +0 buckler (worn)
 I - a +1 pair of gloves (worn)
 P - the +1 helmet of the Winnowing Gods {Dex+6}
   (You bought it in a shop on level 2 of the Orcish Mines)

   Dex+6:     It affects your dexterity (+6).
 W - a +2 cloak of poison resistance (worn)
 X - the +8 orange crystal plate armour (worn) {Archmagi, Int+3 Clar}
   (You took it off a minotaur in a Gauntlet)

   Int+3:     It affects your intelligence (+3).
   Clar:      It protects you from confusion, rage, mesmerisation and fear.
Jewellery
 i - an amulet of reflection
 r - the amulet of Vitality {RegenMP++ Regen++}
   (You took it off an orc on level 1 of the Orcish Mines)

   [amulet of magic regeneration]

   RegenMP:   It increases your rate of magic regeneration.
   Regen++:   It increases your rate of health regeneration.
 y - a ring of wizardry (left hand)
 M - a ring of fire
 O - a +6 ring of strength (right hand)
 Q - a +6 ring of intelligence
 V - the amulet of the Oligarchy (around neck) {Faith +Blink rC+ Str+4}
   (You found it in a Gauntlet)

   [amulet of faith]

   Faith:     It allows you to gain divine favour quickly.
   Str+4:     It affects your strength (+4).
   rC+:       It protects you from cold.
   +Blink:    It lets you blink.
Wands
 a - a wand of flame (44)
 d - a wand of paralysis (10)
 t - a wand of iceblast (15)
 A - a wand of digging (6)
 Y - a wand of mindburst (10)
 Z - a wand of polymorph (2)
Scrolls
 b - 9 scrolls of teleportation
 c - a scroll of butterflies
 e - 6 scrolls of fog
 g - 5 scrolls of enchant armour
 k - a scroll of brand weapon
 p - 6 scrolls of fear
 q - 3 scrolls of poison
 s - 3 scrolls of summoning
 x - 4 scrolls of revelation
 B - 3 scrolls of silence
 H - a scroll of blinking
 L - 4 scrolls of immolation
 R - a scroll of enchant weapon
 S - a scroll of vulnerability
Potions
 h - 5 potions of brilliance
 l - 7 potions of heal wounds
 n - 3 potions of berserk rage
 o - a potion of invisibility
 u - 2 potions of mutation
 v - a potion of cancellation
 w - 4 potions of resistance
 z - 18 potions of curing
 C - 6 potions of lignification
 G - 4 potions of enlightenment
 J - 4 potions of might
 K - 4 potions of haste
Miscellaneous
 m - a phantom mirror


   Skills:
 + Level 12.4 Fighting
 + Level 15.2 Long Blades
 * Level 13.3 Armour
 - Level 8.7 Dodging
 - Level 9.6 Shields
 * Level 10.1 Spellcasting
 * Level 10.1 Conjurations
 * Level 10.1 Hexes
 * Level 10.1 Summonings
 * Level 10.1 Necromancy
 * Level 10.1 Translocations
 * Level 10.1 Fire Magic
 * Level 10.1 Ice Magic
 * Level 10.1 Air Magic
 * Level 10.1 Earth Magic
 * Level 10.1 Alchemy
 + Level 7.0 Evocations


You knew the following spells:

 Your Spells              Type           Power      Damage    Failure   Level
a - Kiss of Death         Conj/Necr      100%       2d13      3%          1
b - Momentum Strike       Conj/Tloc      100%       3d10      4%          2
c - Fugue of the Fallen   Necr           100%       N/A       7%          3
d - Gell's Gravitas       Tloc           100%       N/A       7%          3
e - Yara's Violent Unrav  Hex/Alch       51%        3d20      32%         5
f - Alistair's Intoxicat  Alch           68%        N/A       32%         5
g - Eringya's Noxious Bo  Alch           51%        4d6       82%         6
h - Haunt                 Necr/Summ      51%        N/A       99%         7
Your spell library was empty.

Dungeon Overview and Level Annotations

Branches:
Dungeon (15/15)            Temple (0/1) D:5            Lair (5/5) D:10
 Shoals (0/4) Lair:2       Spider (3/4) Lair:3        Slime (0/5) Lair:4
    Orc (2/2) D:11            Elf (0/3) Orc:2        Vaults (0/5) D:13
 Depths (0/4) D:15         Bailey (visited)           IceCv (1/1)
Gauntlet (visited)

Altars:
Cheibriados
Fedhas
Gozag
Hepliaklqana
Makhleb
Nemelex Xobeh
Okawaru
Ru
Trog
Wu Jian
Xom
Zin
Jiyva

Shops:
D:6 (   D:7 !   Orc:2 :(*[

Annotations:
D:4 4 runed translucent doors
D:6 3 runed translucent doors, Jase's ghost, novice HOMo; ojifijod's ghost, novice MiGl
D:10 Nergalle


Innate Abilities, Weirdness & Mutations

You are immune to sickness and miasma.
You are immune to poison.
Your flesh is almost immune to the effects of heat. (rF+++)
You are vulnerable to cold. (rC-)
You float through the air rather than walking.
You learn spells naturally, not from books.
Your magical power is your life essence.
You have superior vitality. (+4 MHP)
You have sharp fingernails.
You have a pair of small horns on your head.
You are completely covered in iridescent scales. (AC +6)
You are very agile. (Dex +8, Str/Int -2)
You possess an exceptional clarity of mind.
Your mind is very acute. (Int +8, Str/Dex -2)
You are extremely strong-willed. (Will+++)
You passively map a large area around you.
Your natural rate of healing is unusually fast.
Your muscles are very strong. (Str +8, Int/Dex -2)
Your spells are much harder to cast, but much more powerful.
You occasionally lose the ability to drink potions when taking damage.
You expend health (3 HP) to strengthen your wands.
Your movements are slightly less encumbered by armour. (ER -2)


Message History

You feel your magical power running wild!
Your thoughts seem clearer.
Your attunement to dungeon structure grows further.
A golden dragon simulacrum comes into view.
A golden dragon simulacrum is nearby!
A bog body comes into view.
The golden dragon simulacrum barely misses you.
You block the golden dragon simulacrum's attack. x2
The bog body moves out of view.
You slice the golden dragon simulacrum!!
The golden dragon simulacrum is heavily damaged.
You slice the golden dragon simulacrum!!
The golden dragon simulacrum is almost destroyed.
The golden dragon simulacrum bites you!
The golden dragon simulacrum freezes you!!
The golden dragon simulacrum claws you.
The golden dragon simulacrum freezes you!!!
* * * LOW HITPOINT WARNING * * *
The golden dragon simulacrum completely misses you.
The bog body casts a spell at you.
The bolt of cold hits the golden dragon simulacrum.
The golden dragon simulacrum completely resists.
The bolt of cold hits you but does no damage.
Xom thinks this is hilarious!
You hit the golden dragon simulacrum.
The golden dragon simulacrum vaporises!
An Ice Fiend and 6 simulacra come into view.
Found 12 gold pieces and a glowing robe.
The Ice Fiend roars!
The bog body touches you but does no damage.
The Ice Fiend gestures at you.
The bolt of cold hits the ettin simulacrum.
The ettin simulacrum completely resists.
The bolt of cold hits the bog body!
The bog body resists.
The bolt of cold hits you!!
* * * LOW HITPOINT WARNING * * *
The bog body casts a spell at you. The bolt of cold hits you!!
You die...
Xom bursts into laughter! **Z..##* *,, , * Z.ZZ#

, **# ##...#
,, ###. ##..Z#
,
**##...##1Z###
#..⌠.n###.n##
#.#.##.## **
##.###.≈# ,
.## ######@≈#
, ..##
#≈≈#≈≈≈##
....####≈≈≈###
** #...###≈≈≈#
#...##.###
##.."..##
#.....#.## *
#.....###.## ,
#...#####.#.#


You could see a bog body.

Vanquished Creatures
  Jorgrun (Orc:2)
  A frost giant (D:12)
  The ghost of burt the Thaumaturge, a journeyman DrCj of Vehumet (D:11)
  A quicksilver ooze (Lair:4)
  A bunyip (Orc:1)
  A minotaur (Gauntlet)
  2 ettins
  Josephine (Orc:1)
  3 entropy weavers
  A great orb of eyes (Gauntlet)
  An ice dragon (Lair:1)
  6 hydras
  2 catoblepae (Lair:5)
  6 boulder beetles
  3 two-headed ogres
  A death knight (D:14)
  12 death yaks
  A radroach (Spider:1)
  4 centaur warriors
  A deep troll earth mage (D:12)
  An occultist (D:12)
  5 demonic crawlers
  3 orc high priests
  2 tengu warriors
  2 thrashing horrors (Gauntlet)
  Urug (D:10)
  A soul eater (D:12)
  Sonja (Lair:5)
  A sixfirhy (D:12)
  A skyshark (Lair:5)
  A spriggan simulacrum (IceCv)
  A swamp dragon (D:14)
  A deep troll (D:11)
  An obsidian statue (IceCv)
  2 lindwurms (Lair:5)
  2 steelbarb worms (Spider:1)
  10 ugly things
  A necromancer (D:15)
  A deep elf pyromancer (D:15)
  A sphinx simulacrum (D:14)
  6 orc knights
  4 wolf spiders (Spider:1)
  3 cyclopes
  4 manticores
  3 orc sorcerers
  4 black mambas
  5 kobold blastminers
  A water nymph (D:15)
  5 gargoyles
  An ice statue (Spider:2)
  4 cane toads
  6 torpor snails
  An unseen horror (D:12)
  2 rime drakes
  2 tengu conjurers (D:13)
  An ice devil (D:12)
  8 komodo dragons
  2 freezing wraiths (D:14)
  An anaconda simulacrum (IceCv)
  A golden dragon simulacrum (IceCv)
  10 trolls
  A polar bear (Lair:3)
  Psyche (D:10)
  An alligator simulacrum (IceCv)
  A wolf spider simulacrum (D:14)
  A hornet (D:10)
  A raiju (shapeshifter) (D:15)
  8 tarantellas (Spider:1)
  A hellwing (D:12)
  14 blink frogs
  6 slime creatures
  17 jumping spiders
  A centaur simulacrum (D:12)
  4 culicivoras
  10 wraiths
  50 yaks
  A dire elephant simulacrum (IceCv)
  A yak (shapeshifter) (D:12)
  2 shadows
  3 basilisks
  4 water elementals (D:12)
  A ynoxinul (D:12)
  2 wargs (D:11)
  4 wyverns
  A wyvern (shapeshifter) (D:14)
  2 steam dragons
  10 vampire mosquitoes
  22 redbacks
  2 minotaur simulacra (IceCv)
  Menkaure (D:6)
  A naga (shapeshifter) (D:15)
  4 acid dragons
  4 small abominations (Gauntlet)
  3 swamp worms (Gauntlet)
  5 water moccasins
  25 orc warriors
  A swamp drake (D:14)
  2 black bears
  An ice beast (D:8)
  6 ogres
  15 wolves
  2 laughing skulls (D:13)
  10 centaurs
  2 kobold brigands (D:10)
  12 bullfrogs
  8 gnoll sergeants
  4 deep troll simulacra (IceCv)
  4 scorpions
  8 wights
  5 killer bees (D:11)
  8 howler monkeys
  19 electric eels
  4 quasits (D:12)
  A bombardier beetle (D:5)
  5 hounds (D:5)
  6 jellies
  9 orc priests
  7 gnoll boudas
  2 sleepcaps
  3 iguanas (D:5)
  10 orc wizards
  43 gnolls
  11 adders
  A river rat (D:5)
  An ufetubus (D:7)
  A dart slug (D:1)
  3 ribbon worms
  66 orcs
  8 ball pythons
  3 bats
  8 endoplasms
  A giant cockroach (D:1)
  24 goblins
  11 hobgoblins
  12 jackals
  20 kobolds
  3 quokkas
  2 frilled lizards (D:1)
  6 rats
756 creatures vanquished.

Vanquished Creatures (collateral kills)
  A vault guard (D:13)
  Harold (D:9)
  A catoblepas (Lair:5)
  A lindwurm (Lair:5)
  3 orc knights
  A kobold blastminer (Orc:2)
  A cane toad (Lair:2)
  A rime drake (Lair:3)
  A kobold demonologist (Bailey)
  2 yaks
  2 orc warriors
  An ogre (Orc:1)
  3 wolves
  A killer bee (D:6)
  An electric eel (D:10)
  A howler monkey (D:7)
  A gnoll (Lair:3)
  An adder (D:4)
  A white imp (D:7)
  An orc (Orc:1)
26 creatures vanquished.

Vanquished Creatures (others)
  An orc sorcerer (Orc:2)
  A kobold blastminer (Orc:1)
  An orc warrior (Bailey)
  An electric eel (D:12)
  A bullfrog zombie (D:7)
  2 gnolls
  An ufetubus (D:7)
  2 orcs
  A goblin (Bailey)
  An orc zombie (D:7)
12 creatures vanquished.

Grand Total: 794 creatures vanquished

Notes
Turn   | Place    | Note
-------+----------+-------------------------------------------
     0 | D:1      | Xavori the Djinni Chaos Knight began the quest for the Orb.
     0 | D:1      | Reached XP level 1. HP: 20/20 MP: 0/0
   211 | D:1      | Reached XP level 2. HP: 25/25 MP: 0/0
   224 | D:1      | XOM: butterfly on damage
   358 | D:1      | XOM: potion effect (experience)
   358 | D:1      | Reached skill level 4 in Long Blades
   358 | D:1      | Reached XP level 3. HP: 32/32 MP: 0/0
   358 | D:1      | Learned a level 1 spell: Kiss of Death
   538 | D:1      | Reached XP level 4. HP: 38/38 MP: 0/0
   764 | D:1      | XOM: silly message
   878 | D:1      | XOM: silly message
  1389 | D:1      | XOM: stat loss: -1 Str (10/11)
  1860 | D:1      | XOM: noise
  2145 | D:1      | XOM: divination: detect items
  2645 | D:1      | XOM: divination: detect items
  2848 | D:1      | XOM: cloud trail
  2851 | D:1      | XOM: scenery: create altars
  3122 | D:1      | XOM: give mutation
  3122 | D:1      | Gained mutation: You are somewhat resistant to further
                  | mutation. [Xom's grace]
  3764 | D:1      | XOM: scenery: summon butterflies
  3993 | D:1      | XOM: silly message
  4015 | D:1      | XOM: silly message
  4033 | D:1      | XOM: summons 2 hostile shadow creatures
  4353 | D:1      | XOM: god gift: wand of paralysis (4)
  4603 | D:1      | XOM: give mutations
  4603 | D:1      | Gained mutation: You expend health (3 HP) to strengthen
                  | your wands. [Xom's grace]
  4603 | D:1      | Gained mutation: Your mind is acute. (Int +4, Str/Dex -1)
                  | [Xom's grace]
  4603 | D:1      | Gained mutation: You passively map a small area around you.
                  | [Xom's grace]
  5403 | D:1      | XOM: silly message
  5408 | D:1      | XOM: silly message
  5463 | D:1      | XOM: silly message
  5646 | D:1      | XOM: silly message
  5680 | D:1      | XOM: divination: detect items
  5720 | D:1      | XOM: silly message
  5833 | D:1      | XOM: silly message
  5977 | D:1      | XOM: noise
  6066 | D:1      | XOM: divination: detect items
  6355 | D:1      | XOM: silly message
  6412 | D:1      | XOM: silly message
  6449 | D:1      | XOM: silly message
  6484 | D:1      | XOM: divination: detect items
  7280 | D:1      | XOM: noise
  7363 | D:2      | XOM is BORED!
  7363 | D:2      | XOM: 1-stop teleportation journey
  7400 | D:2      | Reached XP level 5. HP: 38/42 MP: 0/0
  7400 | D:2      | Learned a level 2 spell: Momentum Strike
  8263 | D:3      | Found a burning altar of Makhleb.
  8309 | D:3      | XOM: 2-stop teleportation journey
  8364 | D:3      | XOM: cloud trail
  8407 | D:3      | Found a glowing silver altar of Zin.
  8479 | D:3      | Found a bloodstained altar of Trog.
  8577 | D:3      | Identified the +9 quarterstaff of Incongruity {flame, rC+}
  8640 | D:4      | Found a large runed translucent door.
  8641 | D:4      | Found a large runed translucent door.
  8644 | D:4      | Noticed a hornet
  8677 | D:4      | Reached XP level 6. HP: 43/49 MP: 0/0
  8682 | D:4      | Reached skill level 5 in Fighting
  8755 | D:4      | XOM: 1-stop teleportation journey
  8781 | D:4      | XOM: divination: detect creatures
  8793 | D:4      | Reached skill level 5 in Long Blades
  8793 | D:4      | Reached skill level 1 in Evocations
  9249 | D:4      | Found a sparkling altar of Nemelex Xobeh.
  9316 | D:4      | Found a large runed translucent door.
  9339 | D:4      | Reached XP level 7. HP: 40/54 MP: 0/0
  9339 | D:4      | Learned a level 3 spell: Fugue of the Fallen
  9390 | D:4      | Found a large runed translucent door.
  9502 | D:4      | Reached skill level 5 in Dodging
  9698 | D:4      | XOM: divination: detect creatures
  9728 | D:4      | XOM: silly message
  9746 | D:4      | XOM: silly message
  9747 | D:4      | XOM: silly message
  9911 | D:5      | Entered Level 5 of the Dungeon
  9949 | D:5      | Found a staircase to the Ecumenical Temple.
 10005 | D:4      | Reached skill level 1 in Shields
 10339 | D:5      | XOM: silly message
 10357 | D:5      | XOM: silly message
 10360 | D:5      | Reached XP level 8. HP: 36/59 MP: 0/0
 10375 | D:5      | XOM: divination: detect creatures
 10532 | D:5      | Found a blossoming altar of Fedhas.
 10532 | D:5      | XOM: 9-stop teleportation journey
 10598 | D:5      | XOM: give mutations
 10598 | D:5      | Gained mutation: You have a somewhat thin skeletal
                  | structure. (Dex +2, Stealth+) [Xom's grace]
 10598 | D:5      | Gained mutation: You are agile. (Dex +4, Str/Int -1) [Xom's
                  | grace]
 10799 | D:5      | XOM: confuse monster(s)
 10939 | D:5      | XOM: chaos upgrade
 11194 | D:5      | Reached skill level 6 in Long Blades
 11305 | D:5      | Found an iron altar of Okawaru.
 11305 | D:5      | XOM: 7-stop teleportation journey
 11481 | D:5      | XOM: potion effect (might)
 11495 | D:5      | Reached XP level 9. HP: 52/65 MP: 0/0
 11495 | D:5      | Learned a level 3 spell: Gell's Gravitas
 11938 | D:5      | Noticed a troll
 11945 | D:5      | XOM: confuse monster(s)
 11960 | D:5      | XOM: noise
 11982 | D:5      | XOM: cast spell 'Summon Small Mammal'
 11993 | D:5      | Killed a troll
 12632 | D:6      | Found Fuig's Antique Weapon Shoppe.
 12719 | D:6      | XOM: cast spell 'Summon Mana Viper'
 12726 | D:6      | Noticed a troll
 12743 | D:6      | Killed a troll
 12743 | D:6      | XOM: potion effect (experience)
 12743 | D:6      | Reached skill level 7 in Long Blades
 12743 | D:6      | Reached skill level 5 in Armour
 12743 | D:6      | Reached XP level 10. HP: 31/73 MP: 0/0
 12900 | D:6      | Noticed Menkaure
 12907 | D:6      | XOM: butterfly on damage
 12909 | D:6      | Killed Menkaure
 13101 | D:6      | XOM: give mutation
 13101 | D:6      | Gained mutation: Your spells are a little harder to cast,
                  | but a little more powerful. [Xom's grace]
 13115 | D:6      | XOM: stat loss: -1 Str (8/9)
 13137 | D:6      | Found a runed translucent gate.
 13137 | D:6      | Found a runed translucent gate.
 13137 | D:6      | Found a runed translucent gate.
 13138 | D:6      | Noticed a komodo dragon
 13148 | D:6      | XOM: summons 4 friendly demons
 13155 | D:6      | XOM: butterfly on damage
 13157 | D:6      | Killed a komodo dragon
 13301 | D:6      | Noticed ojifijod's ghost (novice MiGl)
 13301 | D:6      | Noticed Jase's ghost (novice HOMo)
 13603 | D:6      | Identified the +0 falchion "Tuat" {flame, *Corrode Int+3
                  | Dex+4}
 13764 | D:7      | Found an opulent altar of Gozag.
 13850 | D:7      | XOM: silly message
 13853 | D:7      | Reached XP level 11. HP: 74/78 MP: 0/0
 13853 | D:7      | Learned a level 5 spell: Yara's Violent Unravelling
 13893 | D:7      | XOM: polymorph orc -> bullfrog
 13917 | D:7      | Reached skill level 5 in Shields
 13923 | D:7      | Found Juwnycka's Distillery.
 13927 | D:7      | Bought a potion of haste for 150 gold pieces
 13927 | D:7      | Bought a potion of heal wounds for 75 gold pieces
 13927 | D:7      | Bought a potion of might for 60 gold pieces
 13927 | D:7      | Bought a potion of attraction for 45 gold pieces
 13927 | D:7      | Bought a potion of curing for 45 gold pieces
 14315 | D:7      | XOM: give mutations
 14315 | D:7      | Gained mutation: Your body sometimes deteriorates upon
                  | taking damage. [Xom's mischief]
 14315 | D:7      | Lost mutation: You expend health (3 HP) to strengthen your
                  | wands. [Xom's mischief]
 14315 | D:7      | Lost mutation: You are agile. (Dex +4, Str/Int -1) [Xom's
                  | mischief]
 14315 | D:7      | Lost mutation: You have a somewhat thin skeletal structure.
                  | (Dex +2, Stealth+) [Xom's mischief]
 14373 | D:7      | Found a faded altar of an unknown god.
 14375 | D:7      | Found a hazy altar of Hepliaklqana.
 14387 | D:7      | XOM: give mutations
 14387 | D:7      | Lost mutation: You are somewhat resistant to further
                  | mutation. [Xom's mischief]
 14387 | D:7      | Gained mutation: You are resistant to electric shocks.
                  | (rElec) [Xom's mischief]
 14413 | D:8      | XOM: stealth player
 14426 | D:8      | XOM: blink monster(s)
 14502 | D:8      | XOM: confuse monster(s)
 14972 | D:8      | XOM: give mutations
 14972 | D:8      | Gained mutation: You have a pair of small horns on your
                  | head. [Xom's grace]
 14972 | D:8      | Gained mutation: You are strong-willed. (Will+) [Xom's
                  | grace]
 14972 | D:8      | Gained mutation: Your spells are harder to cast, but more
                  | powerful. [Xom's grace]
 15020 | D:8      | Reached skill level 8 in Long Blades
 15236 | D:8      | XOM: scenery: summon butterflies
 15262 | D:8      | XOM: silly message
 15546 | D:9      | XOM: enchant monster (bad)
 15613 | D:9      | XOM: summons 6 friendly demons
 15681 | D:9      | XOM: enchant monster (bad)
 15785 | D:9      | Noticed Harold
 15790 | D:9      | Killed Harold
 15893 | D:9      | XOM: enchant monster (good)
 16295 | D:10     | Entered Level 10 of the Dungeon
 16299 | D:10     | Found a staircase to the Lair.
 16307 | D:10     | Found a flagged portal.
 16335 | D:10     | Noticed Psyche
 16335 | D:10     | Noticed Urug
 16335 | D:10     | Noticed a two-headed ogre
 16335 | D:10     | XOM: 9-stop teleportation journey
 16341 | D:10     | XOM: cleaving
 16342 | D:10     | XOM: enchant monster (good)
 16347 | D:10     | Killed a two-headed ogre
 16429 | Bailey   | Entered a bailey
 16622 | Bailey   | XOM: cloud trail
 16669 | Bailey   | XOM: 2-stop teleportation journey
 16898 | Bailey   | Noticed an orc sorcerer
 16904 | Bailey   | XOM: summons friendly ufetubus
 16910 | Bailey   | Killed an orc sorcerer
 17110 | Bailey   | XOM: polymorph goblin -> rat
 17112 | Bailey   | XOM: divine lightning
 17165 | Bailey   | Found an iron altar of Okawaru.
 17183 | Bailey   | XOM: divination: detect creatures
 17185 | Bailey   | XOM: scenery: 2 doors close
 17187 | Bailey   | Reached XP level 12. HP: 51/85 MP: 0/0
 17191 | Bailey   | XOM: fake destruction
 17284 | Bailey   | XOM: give mutations
 17284 | Bailey   | Gained mutation: You are agile. (Dex +4, Str/Int -1) [Xom's
                  | grace]
 17284 | Bailey   | Gained mutation: You have hidden genetic potential. [Xom's
                  | grace]
 17431 | Bailey   | XOM: give mutations
 17431 | Bailey   | Lost mutation: Your body sometimes deteriorates upon taking
                  | damage. [Xom's mischief]
 17431 | Bailey   | Lost mutation: You have a pair of small horns on your head.
                  | [Xom's mischief]
 17431 | Bailey   | Gained mutation: You have sharp fingernails. [Xom's
                  | mischief]
 17440 | Bailey   | Identified the +0 robe of Tioss {rC- Int+3 Dex+2}
 17441 | Bailey   | Identified the +5 ring mail of the Heavens {Int+6}
 17543 | Bailey   | Acquired 1096 gold pieces
 17630 | Bailey   | XOM: smoke on damage
 17641 | Bailey   | Reached skill level 9 in Long Blades
 17836 | D:10     | XOM: summons 10 friendly demons
 17992 | D:10     | XOM: stat loss: -1 Dex (20/21)
 18019 | D:10     | Killed Urug
 18040 | D:10     | XOM: give mutations
 18040 | D:10     | Lost mutation: You are resistant to electric shocks.
                  | (rElec) [Xom's mischief]
 18040 | D:10     | Gained mutation: You are highly strong-willed. (Will++)
                  | [Xom's mischief]
 18040 | D:10     | Gained mutation: Your flesh is almost immune to the effects
                  | of heat. (rF+++) [Xom's mischief]
 18040 | D:10     | Gained mutation: Your movements are slightly less
                  | encumbered by armour. (ER -2) [Xom's mischief]
 18212 | D:10     | XOM: 1-stop teleportation journey
 18220 | D:10     | Killed Psyche
 18493 | D:10     | Noticed Nergalle
 18503 | D:10     | Nergalle changed into Nergalle the ice dragon
 18503 | D:10     | Noticed Nergalle
 18503 | D:10     | XOM: polymorph Nergalle -> Nergalle the ice dragon
 18628 | D:11     | Noticed a boulder beetle
 18630 | D:11     | Found a gate leading to a gauntlet.
 18645 | D:11     | Killed a boulder beetle
 18653 | Gauntlet | Entered a Gauntlet
 18653 | Gauntlet | Found a transporter.
 18653 | Gauntlet | Found a transporter.
 18667 | Gauntlet | Noticed a fire crab
 18763 | Gauntlet | Found a transporter.
 18766 | Gauntlet | Found a transporter.
 18769 | Gauntlet | Noticed a death scarab
 18773 | Gauntlet | Noticed a death scarab
 18776 | Gauntlet | Found a transporter.
 18780 | Gauntlet | Found a transporter.
 18782 | Gauntlet | Noticed a great orb of eyes
 18786 | Gauntlet | Noticed a death scarab
 18788 | Gauntlet | Noticed a death scarab
 18792 | Gauntlet | Found a transporter.
 18797 | Gauntlet | Noticed a thrashing horror
 18798 | Gauntlet | Found a transporter.
 18801 | Gauntlet | Noticed a thrashing horror
 18815 | Gauntlet | Found a transporter.
 18819 | Gauntlet | Found a transporter.
 18829 | Gauntlet | Found a transporter.
 18833 | Gauntlet | Found a transporter.
 19100 | Gauntlet | Killed a great orb of eyes
 19115 | Gauntlet | Identified the amulet of the Oligarchy {Faith +Blink rC+
                  | Str+4}
 19172 | Gauntlet | XOM: silly message
 19190 | Gauntlet | XOM: potion effect (might)
 19199 | Gauntlet | Killed a thrashing horror
 19202 | Gauntlet | Killed a thrashing horror
 19203 | Gauntlet | Reached skill level 10 in Long Blades
 19211 | Gauntlet | Identified the +0 cloak "Elai" {rF+ Stlth+}
 19213 | Gauntlet | Identified the +7 scimitar "Neijitop" {flame, *Rage rElec
                  | rCorr Int+5}
 19302 | Gauntlet | Noticed a minotaur
 19309 | Gauntlet | Killed a minotaur
 19395 | D:11     | XOM: scenery: 2 doors open, 1 doors close
 19612 | D:11     | Noticed a boulder beetle
 19630 | D:11     | Killed a boulder beetle
 19631 | D:11     | Reached XP level 13. HP: 77/92 MP: 0/0
 19631 | D:11     | Learned a level 5 spell: Alistair's Intoxication
 19687 | D:11     | Found a staircase to the Orcish Mines.
 19730 | D:11     | XOM: scenery: 2 doors close
 19798 | D:11     | XOM: blink monster(s)
 19817 | D:11     | Gained mutation: You are partially covered in iridescent
                  | scales. (AC +2) [hidden potential]
 19854 | D:11     | XOM: enchant monster (good)
 20080 | D:11     | XOM: scenery: 1 doors close
 20081 | D:11     | XOM: polymorph two-headed ogre -> acid dragon
 20210 | D:11     | XOM: divination: detect creatures
 20213 | D:11     | XOM: cast spell 'Monstrous Menagerie'
 20295 | D:11     | XOM: summons 7 hostile demons
 20661 | Lair:1   | Entered Level 1 of the Lair of Beasts
 20672 | Lair:1   | XOM: 6-stop teleportation journey
 20781 | Lair:1   | XOM: scenery: create altars
 20817 | Lair:1   | XOM: enchant monster (bad)
 20847 | Lair:1   | XOM: summons 7 hostile demons
 21000 | Lair:1   | Noticed an ice dragon
 21006 | Lair:1   | XOM: summons friendly white imp
 21011 | Lair:1   | Killed an ice dragon
 21218 | Lair:1   | XOM: scenery: 1 doors open
 21249 | Lair:1   | XOM: confuse monster(s)
 21259 | Lair:1   | Reached skill level 11 in Long Blades
 21260 | Lair:1   | XOM: cleaving
 21723 | Lair:2   | XOM: god gift: small garnet ring {god gift}
 21758 | Lair:2   | XOM: summons friendly smoke demon
 21784 | Lair:2   | Found a staircase to the Shoals.
 22114 | Lair:2   | XOM is BORED!
 22114 | Lair:2   | XOM: summons 1 hostile shadow creature
 22156 | Lair:2   | XOM: summons 12 friendly demons
 22257 | Lair:2   | XOM: enchant monster (good)
 22258 | Lair:2   | Found a snail-covered altar of Cheibriados.
 22303 | Lair:2   | XOM: cloud trail
 22458 | Lair:2   | XOM: give mutations
 22458 | Lair:2   | Gained mutation: You passively map the area around you.
                  | [Xom's grace]
 22458 | Lair:2   | Gained mutation: You are mostly covered in iridescent
                  | scales. (AC +4) [Xom's grace]
 22458 | Lair:2   | Gained mutation: You have a pair of small horns on your
                  | head. [Xom's grace]
 22494 | Lair:2   | XOM: god gift: potion of degeneration
 22896 | Lair:3   | XOM: polymorph wolf -> gnoll
 22913 | Lair:3   | XOM: summons 13 friendly demons
 22919 | Lair:3   | XOM: summons 6 friendly demons
 22920 | Lair:3   | Reached XP level 14. HP: 68/99 MP: 0/0
 22921 | Lair:3   | XOM: 4-stop teleportation journey
 22972 | Lair:3   | Gained mutation: You are completely covered in iridescent
                  | scales. (AC +6) [hidden potential]
 22972 | Lair:3   | Lost mutation: You have hidden genetic potential. [hidden
                  | potential expressed]
 22994 | Lair:3   | XOM: give mutations
 22994 | Lair:3   | Gained mutation: Your muscles are strong. (Str +4, Int/Dex
                  | -1) [Xom's grace]
 22994 | Lair:3   | Gained mutation: Your natural rate of healing is unusually
                  | fast. [Xom's grace]
 22994 | Lair:3   | Gained mutation: You are extremely strong-willed. (Will+++)
                  | [Xom's grace]
 23035 | Lair:3   | XOM: summons 10 friendly demons
 23064 | Lair:3   | Reached skill level 12 in Long Blades
 23147 | Lair:3   | XOM: divination: magic mapping
 23194 | Lair:3   | XOM: god gift: arbalest {god gift}
 23214 | Lair:3   | XOM: fog
 23290 | Lair:3   | Found a hole to the Spider Nest.
 23325 | Lair:3   | XOM: god gift: +0 pair of gloves of hurling
 23382 | Lair:3   | XOM: 7-stop teleportation journey
 23384 | Lair:3   | XOM: summons friendly quasit
 23465 | Lair:3   | XOM: god gift: 38 gold pieces
 23591 | Lair:3   | XOM: cleaving
 23652 | Lair:3   | XOM: god gift: 810 gold pieces
 23717 | Lair:3   | XOM: summons friendly quasit
 23745 | Lair:4   | Found a staircase to the Slime Pits.
 23745 | Lair:4   | Found a viscous altar of Jiyva.
 23779 | Lair:4   | XOM: divination: detect items
 23780 | Lair:4   | XOM: potion effect (invisibility)
 23791 | Lair:4   | XOM: enchant monster (bad)
 23792 | Lair:4   | XOM: summons 2 friendly demons
 23854 | Lair:4   | XOM: draining
 23869 | Lair:4   | XOM: swap monsters
 23892 | Lair:4   | XOM: fog
 24001 | Lair:4   | Noticed a quicksilver ooze
 24011 | Lair:4   | Killed a quicksilver ooze
 24026 | Lair:4   | XOM: 3-stop teleportation journey
 24126 | Lair:4   | XOM: cloud trail
 24145 | Lair:4   | XOM: scenery: summon butterflies
 24166 | Lair:4   | XOM: 1-stop teleportation journey
 24618 | Lair:4   | XOM is BORED!
 24618 | Lair:4   | XOM: noise
 24865 | Lair:5   | Entered Level 5 of the Lair of Beasts
 24869 | Lair:5   | Noticed Sonja
 24873 | Lair:5   | Killed Sonja
 24944 | Lair:5   | Identified the +1 sling "Ykis" {flame, Fly rElec rF- Dex-3}
 24944 | Lair:5   | XOM: god gift: wand of iceblast (2)
 24957 | Lair:5   | XOM: polymorph skyshark -> guardian serpent
 24959 | Lair:5   | XOM: polymorph guardian serpent -> ribbon worm
 25038 | Lair:5   | XOM: swap monsters
 25204 | Lair:5   | XOM: cast spell 'Animate Armour'
 25222 | Lair:5   | XOM: divination: detect items
 25274 | Lair:5   | XOM: fog
 25276 | Lair:5   | XOM: destruction
 25449 | Lair:5   | XOM: god gift: 45 gold pieces
 25486 | Lair:5   | XOM: confuse monster(s)
 25491 | Lair:5   | Reached skill level 10 in Armour
 25491 | Lair:5   | Reached XP level 15. HP: 107/107 MP: 0/0
 25491 | Lair:5   | Learned a level 6 spell: Eringya's Noxious Bog
 25510 | Lair:5   | Reached skill level 13 in Long Blades
 25528 | Lair:5   | XOM: enchant monster (bad)
 25555 | Lair:5   | XOM: 2-stop teleportation journey
 25604 | Lair:5   | XOM: confuse monster(s)
 25609 | Lair:5   | XOM: scenery: create altars
 25630 | Lair:5   | Reached skill level 10 in Fighting
 25632 | Lair:5   | XOM: blink monster(s)
 25655 | Lair:5   | XOM: draining
 25693 | Lair:5   | XOM: scenery: summon butterflies
 25698 | Lair:5   | XOM: divine lightning
 25705 | Lair:5   | XOM: smoke on damage
 25706 | Lair:5   | XOM: cleaving
 25707 | Lair:5   | XOM: summons friendly ufetubus
 25709 | Lair:5   | XOM: summons 8 friendly demons
 25793 | Lair:5   | XOM: polymorph ufetubus -> iron imp
 26088 | Orc:1    | Entered Level 1 of the Orcish Mines
 26090 | Orc:1    | Found a runed translucent gate.
 26090 | Orc:1    | Found a runed translucent gate.
 26095 | Orc:1    | XOM: summons friendly ufetubus
 26119 | Orc:1    | XOM: polymorph orc -> goblin
 26122 | Orc:1    | XOM: confuse monster(s)
 26123 | Orc:1    | Noticed Josephine
 26126 | Orc:1    | XOM: divine lightning
 26129 | Orc:1    | Killed Josephine
 26168 | Orc:1    | XOM: confuse monster(s)
 26231 | Orc:1    | Noticed burt's ghost (journeyman DrCj)
 26232 | Orc:1    | Found a runed translucent gate.
 26336 | Orc:1    | XOM: 5-stop teleportation journey
 26425 | Orc:1    | XOM: enchant monster (good)
 26433 | Orc:1    | XOM: cleaving
 26440 | Orc:1    | XOM: polymorph orc knight -> deep troll
 26476 | Orc:1    | XOM: noise
 26495 | Orc:1    | XOM: enchant monster (bad)
 26496 | Orc:1    | XOM: summons 6 hostile demons
 26499 | Orc:1    | XOM: potion effect (experience)
 26499 | Orc:1    | Reached XP level 16. HP: 73/115 MP: 0/0
 26507 | Orc:1    | XOM: noise
 26510 | Orc:1    | XOM: blink monster(s)
 26646 | D:11     | XOM: scenery: 1 doors close
 26647 | D:11     | XOM: scenery: 1 doors open
 26653 | D:11     | Killed burt's ghost
 26702 | Orc:1    | XOM: cast spell 'Chain of Chaos'
 26759 | Orc:2    | Entered Level 2 of the Orcish Mines
 26761 | Orc:2    | Found a staircase to the Elven Halls.
 26867 | Orc:2    | Found Voejoaga's Antique Weapon Shop.
 26867 | Orc:2    | XOM: summons 12 friendly demons
 26871 | Orc:2    | XOM: enchant monster (good)
 26879 | Orc:2    | XOM: blink monster(s)
 26882 | Orc:2    | XOM: confuse monster(s)
 26893 | Orc:2    | XOM: summons friendly shadow imp
 26899 | Orc:1    | XOM: smoke on damage
 26905 | Orc:1    | XOM: polymorph orc warlord -> bunyip
 26913 | Orc:1    | XOM: summons 3 friendly demons
 26914 | Orc:1    | XOM: chaos cloud
 26978 | Orc:2    | XOM: confuse monster(s)
 26991 | Orc:2    | XOM: chaos upgrade
 27118 | Orc:2    | Found Nees Fiu's General Store.
 27122 | Orc:2    | XOM: summons 2 friendly demons
 27150 | Orc:2    | Bought a wand of digging (6) for 378 gold pieces
 27219 | Orc:2    | Found Epaeggac's Antique Armour Shop.
 27223 | Orc:2    | Gained mutation: You occasionally lose the ability to drink
                  | potions when taking damage. [a neqoxec]
 27226 | Orc:2    | XOM: divination: detect items
 27232 | Orc:2    | XOM: enchant monster (good)
 27369 | Orc:2    | XOM: 2-stop teleportation journey
 27387 | Orc:2    | Bought a masterwork helmet for 266 gold pieces
 27387 | Orc:2    | Identified the +1 helmet of the Winnowing Gods {Dex+6} (You
                  | bought it in a shop on level 2 of the Orcish Mines)
 27482 | Orc:2    | Found Otraades's Book Emporium.
 27483 | Orc:2    | XOM: enchant monster (bad)
 27497 | Orc:2    | XOM: cleaving
 27544 | Orc:2    | Noticed Jorgrun
 27553 | Orc:2    | XOM: noise
 27556 | Orc:2    | XOM: polymorph orc warrior -> ball python
 27558 | Orc:2    | Killed Jorgrun
 27558 | Orc:2    | XOM: confuse monster(s)
 27568 | Orc:2    | Reached skill level 14 in Long Blades
 28043 | D:12     | Found a sacrificial altar of Ru.
 28114 | D:12     | XOM: divination: detect creatures
 28116 | D:12     | XOM: summons friendly ufetubus
 28392 | D:12     | XOM: 2-stop teleportation journey
 28441 | D:12     | XOM: 6-stop teleportation journey
 28476 | D:12     | XOM: give mutation
 28476 | D:12     | Lost mutation: Your movements are slightly less encumbered
                  | by armour. (ER -2) [Xom's mischief]
 28631 | D:12     | XOM: divination: magic mapping
 28656 | D:12     | Identified the ring of Xom's Envy {rF+ Str+2}
 28669 | D:12     | Noticed a frost giant
 28944 | D:12     | XOM: scenery: create altars
 28977 | D:12     | Killed a frost giant
 28978 | D:12     | Reached XP level 17. HP: 104/121 MP: 0/0
 28978 | D:12     | Learned a level 7 spell: Haunt
 29077 | D:12     | Identified the +1 mace of Uviy {flame, rC+}
 29078 | D:12     | Found the +6 lightning scales {swift, rElec}
 29121 | D:12     | XOM: give mutations
 29121 | D:12     | Gained mutation: Your movements are slightly less
                  | encumbered by armour. (ER -2) [Xom's grace]
 29121 | D:12     | Gained mutation: You are very agile. (Dex +8, Str/Int -2)
                  | [Xom's grace]
 29121 | D:12     | Gained mutation: You expend health (3 HP) to strengthen
                  | your wands. [Xom's grace]
 29140 | D:13     | Found a gate to the Vaults.
 29420 | D:13     | XOM: scenery: create altars
 29611 | D:13     | XOM: enchant monster (good)
 29619 | D:13     | XOM: god gift: 2 potions of heal wounds
 29694 | D:13     | XOM: blink monster(s)
 29695 | D:13     | XOM: destruction
 29805 | D:14     | XOM: enchant monster (bad)
 29818 | D:13     | XOM: cast spell 'Fugue of the Fallen'
 29867 | D:14     | XOM: enchant monster (bad)
 30036 | D:14     | XOM: confuse monster(s)
 30283 | D:14     | XOM: stat loss: -1 Int (18/19)
 30378 | D:14     | XOM: scenery: create altars
 30769 | D:14     | Found an ornate altar of the Wu Jian Council.
 30780 | D:14     | XOM: summons 2 hostile shadow creatures
 31238 | D:15     | Entered Level 15 of the Dungeon
 31297 | D:15     | XOM: fog
 31432 | D:15     | Found a shimmering altar of Xom.
 31488 | D:15     | XOM: blink monster(s)
 31590 | D:15     | XOM: polymorph deep troll -> water nymph
 31611 | D:15     | Found a staircase to the Depths.
 31613 | D:15     | XOM: summons friendly ufetubus
 31665 | D:15     | XOM: blink monster(s)
 31668 | D:15     | XOM: divine lightning
 31701 | D:15     | XOM: enchant monster (bad)
 31894 | D:15     | XOM: summons 3 hostile demons
 31932 | D:15     | XOM: noise
 31956 | D:15     | XOM: summons 3 hostile demons
 32127 | Spider:1 | Entered Level 1 of the Spider Nest
 32212 | Spider:1 | XOM: cleaving
 32213 | Spider:1 | XOM: scenery: create altars
 32215 | Spider:1 | XOM: confuse monster(s)
 32219 | Spider:1 | XOM: summons friendly iron imp
 32258 | Spider:1 | Reached skill level 15 in Long Blades
 32258 | Spider:1 | Reached skill level 10 in Spellcasting
 32258 | Spider:1 | Reached skill level 10 in Conjurations
 32258 | Spider:1 | Reached skill level 10 in Hexes
 32258 | Spider:1 | Reached skill level 10 in Summonings
 32258 | Spider:1 | Reached skill level 10 in Necromancy
 32258 | Spider:1 | Reached skill level 10 in Translocations
 32258 | Spider:1 | Reached skill level 10 in Fire Magic
 32258 | Spider:1 | Reached skill level 10 in Ice Magic
 32258 | Spider:1 | Reached skill level 10 in Air Magic
 32258 | Spider:1 | Reached skill level 10 in Earth Magic
 32258 | Spider:1 | Reached skill level 10 in Alchemy
 32258 | Spider:1 | XOM: scenery: create altars
 32341 | Spider:1 | XOM: god gift: 42 gold pieces
 32625 | Spider:1 | XOM: summons 15 friendly demons
 32957 | Spider:2 | XOM: 3-stop teleportation journey
 32958 | Spider:2 | You are sucked into a shaft and drop 1 floor!
 33081 | Spider:2 | Found a glacial archway.
 33108 | IceCv    | Entered an ice cave
 33121 | IceCv    | XOM: give mutations
 33121 | IceCv    | Gained mutation: Your mind is very acute. (Int +8, Str/Dex
                  | -2) [Xom's grace]
 33121 | IceCv    | Gained mutation: Your muscles are very strong. (Str +8,
                  | Int/Dex -2) [Xom's grace]
 33137 | IceCv    | Reached XP level 18. HP: 95/130 MP: 0/0
 33243 | IceCv    | XOM: cloud trail
 33327 | IceCv    | XOM: god gift: 56 gold pieces
 33351 | IceCv    | XOM: summons friendly iron imp
 33387 | IceCv    | XOM: 2-stop teleportation journey
 33404 | IceCv    | Identified the amulet of Deseanur {Faith Harm} (Xom gifted
                  | it to you in an ice cave)
 33404 | IceCv    | XOM: god gift: amulet of Deseanur {Faith Harm}
 33422 | IceCv    | XOM: give mutations
 33422 | IceCv    | Gained mutation: Your spells are much harder to cast, but
                  | much more powerful. [Xom's grace]
 33422 | IceCv    | Gained mutation: You possess an exceptional clarity of
                  | mind. [Xom's grace]
 33422 | IceCv    | Gained mutation: You passively map a large area around you.
                  | [Xom's grace]
 33445 | IceCv    | Noticed an Ice Fiend
 33450 | IceCv    | Killed from afar by a bog body

Illustrated notes

Levels and vault maps discovered:
D:1:      evilmike_arrival_rings, layout_rooms, minmay_misc_feat_chi
D:2:      layout_basic
D:3:      layout_rooms, lightli_temple_of_fire, mainiacjoe_overflow_chevrons,
          general_overflow_altar, lightli_corner_chamber
D:4:      layout_basic, nemelex_dance_club_becter, minmay_hollow_rounded_squares
D:5:      cheibrodos_two_vegetables, layout_cave_pools,
          mainiacjoe_overflow_catch_the_wave,
          minmay_temple_entry_statues_fountains, serial_gnoll_camp,
          gnoll_camp_huts_basic, gnoll_camp_mini_sergeant,
          gnoll_camp_mini_loothouse, gnoll_camp_medium_01, gnoll_camp_medium_02
D:6:      layout_cave_pods, gammafunk_ghost_cemetery, serial_shops, shop,
          minmay_chambers_of_fives, uniq_menkaure
D:7:      layout_basic, nicolae_gozag_seed_capital,
          beargit_hepliaklqana_dungeon_heroes, serial_shops, shop
D:8:      layout_cave_pools, nicolae_sif_muna_little_library,
          dreamdust_gnoll_shepherd
D:9:      layout_roguey, uniq_harold
D:10:     layout_basic, lair_entry_dummy, enter_bailey_5, uniq_urug,
          uniq_nergalle, uniq_psyche
D:11:     layout_roguey, david_orc_1_choice, gauntlet_entry_generic
D:12:     kennysheep_four_of_diamonds, layout_layer_cave, serial_demonic,
          serial_demonic_e, serial_demonic_c, serial_demonic_a,
          serial_demonic_c, serial_demonic_g, nicolae_ru_awakened_eye
D:13:     layout_long_grid, hellmonk_vaults_order_and_chaos
D:14:     layout_layer_cave, lemuel_coloured_pillars_altar, pond
D:15:     hangedman_depths_entry_civil_slaughter, layout_basic,
          hangedman_decor_diamond_cutter, brannock_xom_greatest_gift
Lair:1:   dragon1_lemuel, layout_regular_city
Lair:2:   layout_cave_pods, shoals_dummy_entry, kennysheep_snail_temple
Lair:3:   layout_loops_ring, nicolae_spider_entry_tight_spaces,
          beast_lair_carwin_11, grunt_megastairs_2
Lair:4:   layout_cave_pods, slime_entry_1, nicolae_lair_time_for_slime
Lair:5:   evilmike_catoblepas_cave, layout_cellular_growth,
          nicolae_lair_lindhole, lemuel_fruit_tree, uniq_sonja
Spider:1: layout_spider_delve
Spider:2: layout_chambers, portal_ice_cave_entry_ice_statue_one, uniq_azrael
Spider:3: layout_cave_pods
Orc:1:    layout_caves, biasface_ghost_orc_armoury, basic_altar, uniq_josephine
Orc:2:    grunt_orc_gardens, layout_caves, grunt_orc_garden, grunt_orc_garden,
          grunt_orc_garden, grunt_orc_garden, uniq_jorgrun
IceCv:    ice_cave_caverns_01

Skill      XL: |  1  2  3  4  5  6  7  8  9 10 11 12 13 14 15 16 17 |
---------------+----------------------------------------------------+-----
Fighting       | 4 5 6 7 8 9 10 11 12 | 12.4
Long Blades    | 4 5 6 7 8 10 11 12 13 14 15 | 15.2
Armour         | 3 4 5 6 8 10 11 13 | 13.3
Dodging        | 4 5 7 8 |  8.7
Spellcasting   | 4 6 7 8 9 10 | 10.1
Conjurations   | 4 6 7 8 9 10 | 10.1
Hexes          | 4 6 7 8 9 10 | 10.1
Summonings     | 4 6 7 8 9 10 | 10.1
Necromancy     | 4 6 7 8 9 10 | 10.1
Translocations | 4 6 7 8 9 10 | 10.1
Fire Magic     | 4 6 7 8 9 10 | 10.1
Ice Magic      | 4 6 7 8 9 10 | 10.1
Air Magic      | 4 6 7 8 9 10 | 10.1
Earth Magic    | 4 6 7 8 9 10 | 10.1
Alchemy        | 4 6 7 8 9 10 | 10.1
Evocations     | 1 2 3 6 7 |  7.0
Shields        | 1 2 4 6 7 8 9 |  9.6

Action                     |  1- 3 |  4- 6 |  7- 9 | 10-12 | 13-15 | 16-18 || total
---------------------------+-------+-------+-------+-------+-------+-------++-------
  Melee: Falchion          |    51 |   204 |   364 |   307 |       |       ||   926
         Punch             |       |       |     1 |       |       |       ||     1
         Long sword        |       |       |       |   246 |       |       ||   246
         Headbutt          |       |       |       |    60 |   137 |   221 ||   418
         Double sword      |       |       |       |    98 |   708 |   815 ||  1621
         Scimitar          |       |       |       |       |    16 |    11 ||    27
   Cast: Gell's Gravitas   |       |       |     3 |     3 |       |       ||     6
         Momentum Strike   |       |       |       |     2 |       |       ||     2
         Fugue of the Fall |       |       |       |     1 |       |       ||     1
  Evoke: Wand              |       |       |     6 |     8 |       |     2 ||    16
         Phantom mirror    |       |       |       |       |     1 |       ||     1
    Use: Scroll            |       |       |     4 |    19 |    10 |     4 ||    37
         Potion            |       |       |       |     2 |       |       ||     2
   Stab: Sleeping          |     1 |     1 |     1 |     3 |       |       ||     6
         Confused          |       |     1 |     3 |     2 |     7 |     8 ||    21
         Paralysed         |       |       |     8 |     2 |       |       ||    10
         Distracted        |       |       |     1 |     1 |     4 |     2 ||     8
         Petrifying        |       |       |       |     1 |       |     1 ||     2
         Invisible         |       |       |       |       |     6 |       ||     6
         Petrified         |       |       |       |       |     7 |       ||     7
 Armour: Leather armour    |    25 |    95 |   200 |   140 |       |       ||   460
         Acid dragon scale |       |       |       |    76 |       |       ||    76
         Ring mail         |       |       |       |    99 |       |       ||    99
         Crystal plate arm |       |       |       |    16 |   737 |   946 ||  1699
  Dodge: Dodged            |    24 |   126 |   207 |   293 |   290 |   486 ||  1426
  Block: Other             |       |    32 |    23 |       |       |       ||    55
         Reflection        |       |     1 |     7 |    10 |       |       ||    18
         Buckler           |       |       |   181 |   339 |   270 |   354 ||  1144
